 Dungeon Crawl Stone Soup version 0.29.0-15-g675c0067aa (webtiles) character file.

Game seed: 3576752477902296463

42 qw the Sneak (level 3, -2/23 HPs)
             Began as a Gargoyle Delver on Sept 11, 2022.
             Slain by an orc
             ... wielding a +0 trident
              (5 damage)
             ... on level 4 of the Dungeon.
             The game lasted 00:00:07 (322 turns).

qw the Sneak (Gargoyle Delver)                       Turns: 322, Time: 00:00:07

Health: -2/23      AC:  6    Str: 17    XL:     3   Next: 54%
Magic:  3/3        EV: 11    Int: 10    God:
Gold:   0          SH:  0    Dex: 11    Spells: 2/2 levels left

rFire   . . .      SeeInvis .   a - +0 hand axe
rCold   . . .      Faith    .   (no shield)
rNeg    + . .      Spirit   .   b - +0 leather armour
rPois   inf        Reflect  .   (no helmet)
rElec   +          Harm     .   (no cloak)
rCorr   .          Rampage  .   (no gloves)
Will    .....                   (no boots)
Stlth   +++.......              (no amulet)
HPRegen 0.07/turn               (no ring)
MPRegen 0.08/turn               (no ring)

@: no status effects
A: sickness immunity, AC +3, negative energy resistance 1, electricity
resistance, torment resistance 1, petrification resistance
a: no special abilities


You were on level 4 of the Dungeon.
You visited 1 branch of the dungeon, and saw 2 of its levels.


Innate Abilities, Weirdness & Mutations

You are immune to sickness and miasma.
Your stone body is resilient. (AC +3)
You are immune to poison.
You resist negative energy. (rN+)
You are resistant to electric shocks. (rElec)
You are resistant to unholy torment.
You are immune to petrification.


   Skills:
 - Level 3.2 Fighting
 + Level 3.4 Axes
 - Level 1.5 Dodging
 - Level 5.4 Stealth


You had 2 spell levels left.
You didn't know any spells.
Your spell library was empty.

Inventory:

Hand Weapons
 a - a +0 hand axe (weapon)
Armour
 b - a +0 leather armour (worn)
Wands
 g - a wand of digging (3)
Potions
 f - a potion of haste

Dungeon Overview and Level Annotations

Branches:
Dungeon (5/15)
 Temple: D:4-7

Altars:

Shops:
D:5 [


Message History

The endoplasm closely misses you.
You barely miss the endoplasm.
An orc comes into view. It is wielding a +0 falchion.
The endoplasm freezes you.
You are frozen.
You slash the endoplasm!
You kill the endoplasm!
You slash the orc!
You kill the orc!
An orc wizard comes into view. It is wielding a +0 dagger.
You start resting.
An orc comes into view. It is wielding a +0 club.
300 ||| Stepping ~*~*~tactically~*~*~ (stealth).
You start resting.
An orc comes into view. It is wielding a +0 trident.
308 ||| Stepping ~*~*~tactically~*~*~ (stealth).
You hear the brisk rusting of a very distant drain.
You start resting.
An orc is nearby!
The orc shouts!
You hear a shout!
You hit the orc but do no damage. The orc barely misses you.
You closely miss the orc.
The orc hits you with a +0 short sword. x2
You hit the orc.
The orc is almost dead.
The orc hits you but does no damage.
319 ||| Stepping ~*~*~tactically~*~*~ (stealth).
The orc attacks as you move away! The orc closely misses you.
The orc shouts!
You hit the orc.
You kill the orc!
You barely miss the orc. The orc misses you.
You closely miss the orc. The orc hits you with a +0 club.
You barely miss the orc.
A giant cockroach comes into view.
The orc hits you from afar with a +0 trident.
You die...

#...........#.....#
#.###...#####.###.#
#.......#####.###.#.#.
##..%........#.........
#>%#.........#.###.....
#%##.........#.........
#.##...........###..###
#.##.......o..)......#
#.##......@)o........#
#...#########.oB.....#
#... #........# ####
#......... ..########
o.# #o. ..


You could see an orc wizard, 2 orcs and a giant cockroach.

Vanquished Creatures
  An iguana (D:4)
  An adder (D:4)
  2 orcs (D:4)
  An endoplasm (D:4)
  A hobgoblin (D:4)
6 creatures vanquished.

Notes
Turn   | Place    | Note
-------+----------+-------------------------------------------
     0 | D:5      | qw the Gargoyle Delver began the quest for the Orb.
     0 | D:5      | Reached XP level 1. HP: 14/14 MP: 1/1
     0 | D:5      | 0 ||| qw: Version: 0.1-a-117-gfe26ee0
     0 | D:5      | 0 ||| qw: Game counter: 10092
     0 | D:5      | 0 ||| qw: Always use a shield: true
     0 | D:5      | 0 ||| qw: God list: Okawaru
     0 | D:5      | 0 ||| qw: Allow faded altars: false
     0 | D:5      | 0 ||| qw: Do Orc after D:15 true
     0 | D:5      | 0 ||| qw: Do second Lair branch before Depths: true
     0 | D:5      | 0 ||| qw: Lair rune preference: random
     0 | D:5      | 0 ||| qw: Plans: Normal
     0 | D:5      | 0 ||| PLANNING D:1-11
     0 | D:5      | 0 ||| DROPPING scroll of fog.
     1 | D:5      | 1 ||| DROPPING scroll of magic mapping.
     2 | D:5      | 2 ||| DROPPING scroll of fear.
     8 | D:4      | Noticed an iguana
     9 | D:4      | 9 ||| PLANNING SEWER
    16 | D:4      | Killed an iguana
    17 | D:4      | Reached skill level 3 in Axes
    17 | D:4      | Reached XP level 2. HP: 9/19 MP: 2/2
    17 | D:4      | Reached XP level 3. HP: 11/23 MP: 3/3
   195 | D:4      | 195 ||| Stepping ~*~*~tactically~*~*~ (stealth).
   204 | D:4      | 204 ||| Stepping ~*~*~tactically~*~*~ (stealth).
   300 | D:4      | 300 ||| Stepping ~*~*~tactically~*~*~ (stealth).
   308 | D:4      | 308 ||| Stepping ~*~*~tactically~*~*~ (stealth).
   319 | D:4      | 319 ||| Stepping ~*~*~tactically~*~*~ (stealth).
   321 | D:4      | HP: 3/23 [orc/+0 club (4)]
   322 | D:4      | Slain by an orc

Levels and vault maps discovered:
D:4:      layout_basic, cheibrodos_worm_habitat, minmay_temple_entry_hall,
          portal_sewer_entry_b, minmay_lizard_king, uniq_grinder
D:5:      layout_gridville, mainiacjoe_overflow_catch_the_wave, kennysheep_mini,
          serial_shops, shop, nicolae_shop_waterfront,
          nicolae_shop_advertising_works [nicolae_subvault_shop_adworks],
          nicolae_stop_n_shop_2, chequers_serial_rivers_micro_b,
          nicolae_shop_vocational

Skill      XL: |  1 |
---------------+----+-----
Axes           | 3 |  3.4
Fighting       | |  3.2
Dodging        | |  1.5
Stealth        | |  5.4

Action                   || total
-------------------------++-------
Melee: Hand axe          ||    23
Armor: Leather armour    ||     3
Dodge: Dodged            ||     8

Table legend:
 A = Non-vault XP
 B = Vault XP
 C = Vault XP percentage of total XP
 D = Non-vault monster count
 E = Vault monster count
 F = Vault count percentage of total count
                 A         B        C        D         E       F
            +---------+---------+-------+---------+---------+-------
      Total |      60 |       0 |   0.0 |       6 |       0 |   0.0
            +---------+---------+-------+---------+---------+-------
        D:4 |      60 |       0 |   0.0 |       6 |       0 |   0.0
            +---------+---------+-------+---------+---------+-------
